AoeStats
← Matutinus

Arabia

509379712Analyzed
1v1 RM · 6d ago on Sep 26, 2026· 41m 57s· 2 players
Game mode
Random Map
Map size
Tiny (2 player)
Population
200
Speed
Normal
Resources
Standard
Victory
Conquest
Starting age
Dark Age
Ending age
Imperial Age
RankedLock teamsTeams togetherTeam positionsShared explorationLock speedFull tech treeHidden civsTurbo modeCheats
Victory
Defeat
🇦🇷 Franks · Argentina
1425
+16
🇨🇦 Tatars · Canada
1415
-16
Matutinus
6:33 Loom
8:56 Feudal Age
9:25 Double-Bit Axe
11:44 Horse Collar
19:17 Castle Age
19:07 Fletching
19:29 Bloodlines
20:10 Bow Saw
20:19 Bodkin Arrow
22:48 Husbandry
24:30 Gold Mining
28:21 Town Watch
29:16 Padded Archer Armor
30:11 Ballistics
33:38 Wheelbarrow
36:55 Imperial Age
35:52 Pikeman
36:23 Pikeman
pity
2:30 Loom
12:17 Feudal Age
13:40 Double-Bit Axe
20:29 Castle Age
18:55 Scale Barding Armor
19:16 Gold Mining
19:46 Forging
21:59 Wheelbarrow
21:10 Town Watch
21:14 Pikeman
21:54 Squires
23:32 Husbandry
28:52 Chain Barding Armor
29:33 Squires
32:34 Gambesons
33:37 Iron Casting
40:46 Bow Saw
Connection lost

Rejoining the realm…

Still unreachable

The connection could not be restored.

Session expired

The server has moved on; the page needs a fresh start.